 Dungeon Crawl Stone Soup version 0.28-a0-1234-g826d19b2e0 (webtiles) character file.

Game seed: 2382130694046951452

3094 frimble the Grasshopper (level 9, -1/66 HPs)
             Began as a Demonspawn Warper on Dec 24, 2021.
             Killed from afar by an electric eel (4 damage)
             ... with a bolt of electricity
             ... on level 8 of the Dungeon.
             The game lasted 00:12:17 (8794 turns).

frimble the Grasshopper (Demonspawn Warper)         Turns: 8794, Time: 00:12:17

Health: -1/66      AC: 15    Str: 14    XL:     9   Next: 59%
Magic:  12/12      EV: 12    Int: 19    God:
Gold:   1191       SH:  0    Dex: 13    Spells: 9/12 levels left

rFire   . . .      SeeInvis .     - Unarmed
rCold   . . .      Faith    .   (no shield)
rNeg    . . .      Spirit   .   D - +4 troll leather armour
rPois   .          Reflect  .   (no helmet)
rElec   .          Harm     .   (no cloak)
rCorr   .          Rampage  .   (no gloves)
Will    .....                   (no boots)
Stlth   +.........              h - amulet of Grontol {Regen+ Str+3}
HPRegen 1.81/turn               l - ring of flight
MPRegen 0.13/turn               C - +4 ring of protection

@: flying
A: claws 1, thin metallic scales 2, foul stench 2, spiny 1
a: no special abilities


You were on level 8 of the Dungeon.
You visited 1 branch of the dungeon, and saw 8 of its levels.

You collected 1191 gold pieces.

Inventory:

Hand Weapons
 a - a +1 falchion
 s - a +4 dagger
Missiles
 d - 5 boomerangs of dispersal
 g - 5 silver javelins
 i - a poisoned dart
 m - 10 boomerangs (quivered)
 t - a throwing net
Armour
 e - a +2 scale mail of fire resistance
 D - a +4 troll leather armour (worn)
Jewellery
 h - the amulet of Grontol (around neck) {Regen+ Str+3}
   (You acquired it on level 5 of the Dungeon)

   [amulet of regeneration]

   Str:       It affects your strength (+3).
   Regen:     It increases your rate of health regeneration.
 l - a ring of flight (left claw)
 C - a +4 ring of protection (right claw)
Wands
 r - a wand of iceblast (3)
Scrolls
 b - 3 scrolls of fear
 c - a scroll of blinking
 j - 6 scrolls of identify
 o - a scroll of teleportation
 q - a scroll of immolation
 y - a scroll of magic mapping
Potions
 k - a potion of resistance
 n - a potion of heal wounds
 p - 2 potions of attraction
 u - 3 potions of mutation
 x - a potion of magic
 z - a potion of lignification
 A - a potion of cancellation
 B - a potion of invisibility


   Skills:
 - Level 4.6 Fighting
 - Level 3.9 Long Blades
 - Level 2.3 Throwing
 - Level 4.0 Armour
 + Level 3.2 Dodging
 + Level 6.9 Unarmed Combat
 - Level 2.0 Spellcasting
 - Level 7.1 Translocations
 + Level 0.8 Evocations


You had 9 spell levels left.
You knew the following spells:

 Your Spells              Type           Power      Damage    Failure   Level
a - Blink                 Tloc           58%        N/A       1%          2
b - Apportation           Tloc           58%        N/A       1%          1

Your spell library contained the following spells:

 Spells                   Type           Power      Damage    Failure   Level
 Gell's Gravitas          Tloc           29%        N/A       3%          3
 Lesser Beckoning         Tloc           29%        N/A       3%          3
 Teleport Other           Tloc           29%        N/A       3%          3
 Manifold Assault         Tloc           29%        N/A       30%         5
 Alistair's Intoxication  Tmut/Pois      0%         N/A       99%         5


Dungeon Overview and Level Annotations

Branches:
Dungeon (8/15)             Temple (0/1) D:6
   Lair: D:8-11

Altars:
Ashenzari
Fedhas
Gozag
Makhleb
Okawaru
Qazlal
Vehumet
Wu Jian
Zin

Shops:
D:1 [   D:7 :   D:8 :

Annotations:
D:6 exclusion: statue


Innate Abilities, Weirdness & Mutations

You have sharp fingernails.
You are mostly covered in thin metallic scales. (AC +3)
You sometimes emit foul miasma when damaged in melee.
You are partially covered in sharp spines.


Message History

Aim: an electric eel (water, almost dead, 42% to hit)
You throw a poisoned dart.
The poisoned dart hits the electric eel.
The electric eel is poisoned.
The electric eel is almost dead.
You hear a splash.
Throw: 2 darts (poison)
Press: ? - help, Q - select action, (/) - cycle Shift-Dir - straight line, f/p - electric eel
Aim: an electric eel (water, almost dead, poisoned, 42% to hit)
You throw a poisoned dart.
The poisoned dart barely misses the electric eel.
The poisoned dart barely misses the electric eel.
You hear a splash.
The electric eel shoots out a bolt of lightning at you!
The bolt of electricity hits the electric eel.
The electric eel completely resists.
The bolt of electricity hits you.
You feel a bit more experienced.
You see here a wolf corpse.
You start resting.
HP restored.
The electric eel shoots out a bolt of lightning at you!
The bolt of electricity hits you! x2
Things that are here:
a +0 dagger; a poisoned dart; an orc corpse Throw: 10 boomerangs
Press: ? - help, Q - select action, (/) - cycle Shift-Dir - straight line, f - electric eel
Aim: an electric eel (42% to hit)
You throw a boomerang.
The boomerang barely misses the electric eel.
The electric eel shoots out a bolt of lightning at you!
The bolt of electricity hits you! x2
The electric eel shoots out a bolt of lightning at you!
The bolt of electricity hits the electric eel.
The electric eel completely resists.
The bolt of electricity hits you!
* * * LOW HITPOINT WARNING * * *
The bolt of electricity hits you!
* * * LOW HITPOINT WARNING * * *
The electric eel shoots out a bolt of lightning at you!
The bolt of electricity misses you. The bolt of electricity hits you.
You die...

### ..# #### #.####.....#
#....#.###.# ####.....#.#
#.#.#.#.######### #.#.#
#.##.†.@.(# ####.#.#
#.##[###((####... .....#..
#.##.# #.........
##########.##.# #.....(...
##.>.....#.##.# ##.S(.(≈≈.
.#.# #.....†..# #..S((≈≈.
...# #.....#######.≈≈.≈≈≈.
.#.###...............≈≈≈≈O
.....+....########....≈≈≈.


You could see 2 electric eels.

Vanquished Creatures
  Grinder (D:4)
  A troll (D:8)
  A wyvern (D:7)
  A steam dragon (D:4)
  2 ice beasts
  An orc warrior (D:8)
  A necrophage (D:7)
  An ogre (D:7)
  4 wolves (D:8)
  A kobold brigand (D:7)
  5 scorpions
  A wyvern zombie (D:8)
  4 electric eels (D:8)
  A centaur zombie (D:6)
  4 hounds
  A jelly (D:6)
  An orc priest (D:4)
  3 centaur skeletons
  A bullfrog skeleton (D:7)
  A gnoll shaman (D:6)
  5 iguanas
  Ijyb (D:5)
  7 orc wizards
  3 killer bee zombies
  A howler monkey skeleton (D:5)
  10 adders
  9 gnolls
  A shadow imp (D:7)
  A white imp (D:7)
  An adder skeleton (D:5)
  A worm (D:2)
  2 dart slugs
  27 orcs
  3 ball pythons
  5 bats
  9 endoplasms
  3 giant cockroaches
  3 goblins (D:2)
  11 hobgoblins
  2 jackals (D:5)
  9 quokkas
  5 frilled lizards
  11 kobolds
  8 rats
174 creatures vanquished.

Vanquished Creatures (others)
  5 plants (D:2)
5 creatures vanquished.

Grand Total: 179 creatures vanquished

Notes
Turn   | Place    | Note
-------+----------+-------------------------------------------
     0 | D:1      | frimble the Demonspawn Warper began the quest for the Orb.
     0 | D:1      | Reached XP level 1. HP: 16/16 MP: 3/3
    61 | D:1      | You fall into a shaft and drop 1 floor!
   504 | D:1      | Gained mutation: You may rarely emit foul miasma when
                  | damaged in melee. [demonic ancestry]
   504 | D:1      | Reached XP level 2. HP: 20/22 MP: 5/5
   677 | D:1      | Found Duybus's Armour Boutique.
   927 | D:1      | Found a faded altar of an unknown god.
  1167 | D:2      | Reached XP level 3. HP: 24/27 MP: 6/6
  2147 | D:3      | Gained mutation: You are partially covered in thin metallic
                  | scales. (AC +2) [demonic ancestry]
  2147 | D:3      | Reached XP level 4. HP: 33/33 MP: 7/7
  2156 | D:3      | Reached skill level 1 in Throwing
  2542 | D:3      | Reached skill level 1 in Armour
  2790 | D:2      | Gained mutation: You have sharp fingernails. [demonic
                  | ancestry]
  2790 | D:2      | Reached XP level 5. HP: 12/38 MP: 8/8
  3276 | D:3      | Found an iron altar of Okawaru.
  3528 | D:3      | Reached skill level 1 in Unarmed Combat
  3961 | D:4      | Learned a level 2 spell: Blink
  3999 | D:4      | Noticed a steam dragon
  4109 | D:3      | Gained mutation: You are partially covered in sharp spines.
                  | [demonic ancestry]
  4109 | D:3      | Reached XP level 6. HP: 13/44 MP: 9/9
  4410 | D:5      | Entered Level 5 of the Dungeon
  4450 | D:5      | Reached skill level 3 in Translocations
  4824 | D:5      | Found a burning altar of Makhleb.
  4825 | D:5      | Noticed Ijyb
  5226 | D:4      | Reached XP level 7. HP: 49/50 MP: 10/10
  5444 | D:4      | Found an ornate altar of the Wu Jian Council.
  5495 | D:4      | Noticed Grinder
  5532 | D:5      | Identified a scroll of acquirement
  5532 | D:5      | Acquired the amulet of Grontol {Regen+ Str+3}
  5636 | D:5      | Reached skill level 4 in Translocations
  5728 | D:5      | Learned a level 1 spell: Apportation
  5860 | D:5      | Killed Ijyb
  6243 | D:6      | Found a staircase to the Ecumenical Temple.
  6323 | D:6      | Found a radiant altar of Vehumet.
  6469 | D:6      | Gained mutation: You are mostly covered in thin metallic
                  | scales. (AC +3) [demonic ancestry]
  6469 | D:6      | Reached XP level 8. HP: 56/56 MP: 11/11
  6756 | D:6      | Reached skill level 5 in Translocations
  6951 | D:4      | Found a blossoming altar of Fedhas.
  6965 | D:4      | Found a stormy altar of Qazlal.
  7164 | D:4      | Killed Grinder
  7165 | D:4      | Reached skill level 5 in Unarmed Combat
  7229 | D:4      | Reached skill level 6 in Translocations
  7874 | D:7      | Found Hiobe's Book Shop.
  8100 | D:7      | Gained mutation: You sometimes emit foul miasma when
                  | damaged in melee. [demonic ancestry]
  8100 | D:7      | Reached XP level 9. HP: 55/63 MP: 12/12
  8232 | D:7      | Found an opulent altar of Gozag.
  8242 | D:7      | Found a broken altar of Ashenzari.
  8307 | D:8      | Found Asorgh's Book Shop.
  8368 | D:8      | Acquired 792 gold pieces
  8613 | D:8      | Noticed a troll
  8613 | D:8      | Noticed a two-headed ogre
  8633 | D:8      | Killed a troll
  8634 | D:8      | Reached skill level 7 in Translocations
  8794 | D:8      | HP: 3/66 [electric eel/bolt of electricity (9)]
  8794 | D:8      | Killed from afar by an electric eel

Illustrated notes

Levels and vault maps discovered:
D:1:      dpeg_arrival_round_a, layout_basic, basic_ecumenical_altar,
          serial_shops, shop
D:2:      minmay_chambers_of_twos, layout_rooms, minmay_misc_feat_chi,
          serial_bayou_pond_b, chequers_garden, grunt_decor_fettered,
          minmay_misc_feat_roman
D:3:      layout_loops_corners, mainiacjoe_overflow_chevrons
D:4:      layout_basic, grunt_temple_overflow_forces_of_nature,
          overflow_temple_1_default, zin_scriptorium, uniq_grinder
D:5:      layout_basic, lemuel_crystal_altar, uniq_ijyb
D:6:      layout_loops_ring, vehumet_statue, minmay_temple_entry_large_hall
D:7:      layout_rooms, amethyst_overflow_temple_binary, serial_shops,
          nicolae_shop_crystal, hangedman_abyss_or_decor_lesser_grid
D:8:      layout_basic, erik_lair_island, gammafunk_ghost_cemetery,
          serial_shops, shop, minivault_5

Skill      XL: |  1  2  3  4  5  6  7  8  9 |
---------------+----------------------------+-----
Long Blades    | 2 3 |  3.9
Dodging        | 2 3 |  3.2
Throwing       | 1 2 |  2.3
Armour         | 1 2 3 4 |  4.0
Unarmed Combat | 1 2 4 6 |  6.9
Translocations | 3 4 6 7 |  7.1
Fighting       | 3 4 |  4.6
Spellcasting   | |  2.0
Evocations     | |  0.8

Action                   |  1- 3 |  4- 6 |  7- 9 || total
-------------------------+-------+-------+-------++-------
Melee: Falchion          |   175 |   233 |   161 ||   569
       Punch             |       |     1 |     3 ||     4
       Unarmed           |       |       |   159 ||   159
Throw: Dart              |       |    28 |    28 ||    56
       Boomerang         |       |     4 |     1 ||     5
 Cast: Blink             |       |       |     2 ||     2
Evoke: Wand              |       |       |     3 ||     3
  Use: Scroll            |     6 |     2 |    16 ||    24
       Potion            |       |     1 |     2 ||     3
Armor: Scale mail        |    76 |   134 |   147 ||   357
       Leather armour    |     4 |       |       ||     4
       Troll leather arm |       |       |    13 ||    13
Dodge: Dodged            |    93 |   100 |   144 ||   337

Table legend: (Time is in decaauts)
 A = Elapsed time spent in this place.
 B = Non-inter-level travel time spent in this place.
 C = Inter-level travel time spent in this place.
 D = Time resting spent in this place.
 E = Time spent auto-exploring this place.
 F = Levels seen in this place.
 G = Mean time per level.
                   A        B        C        D        E       F      G
               +--------+--------+--------+--------+--------+-----+--------+
         Total |   8854 |   8432 |    422 |    345 |   6396 |   8 | 1106.8 |
       Dungeon |   8854 |   8432 |    422 |    345 |   6396 |   8 | 1106.8 |
               +--------+--------+--------+--------+--------+-----+--------+

Top non-repeatable levels by time:
     D:3: 2080 daAuts
     D:4: 1352 daAuts
     D:2: 1313 daAuts
     D:5: 1143 daAuts
     D:1: 1065 daAuts
     D:6: 936 daAuts
     D:7: 555 daAuts
     D:8: 407 daAuts
